AoeStats
← lokigr13

Black Forest

509459128Analyzed
4v4 RM · 6d ago on Sep 26, 2026· 59m 52s· 8 players
Game mode
Random Map
Map size
Large (8 player)
Population
200
Speed
Normal
Resources
Standard
Victory
Conquest
Starting age
Dark Age
Ending age
Imperial Age
RankedLock teamsTeams togetherTeam positionsShared explorationLock speedFull tech treeHidden civsTurbo modeCheats
Victory
Defeat
🇧🇷 Persians · Brazil
852
+13
🇨🇱 Turks · Chile
850
+13
🇨🇳 Franks · China
848
+13
760
+17
🇮🇹 Goths · Italy
870
-17
🇬🇷 Vietnamese · Greece
794
-14
🇬🇷 Spanish · Greece
787
-14
🇮🇹 Maya · Italy
701
-11
holly1985
0:40 Loom
14:03 Feudal Age
19:59 Castle Age
19:11 Double-Bit Axe
19:11 Horse Collar
20:34 Wheelbarrow
23:03 Bow Saw
23:30 Heavy Plow
30:32 Hand Cart
34:08 Imperial Age
31:49 Squires
31:11 Man-at-Arms
31:11 Pikeman
32:32 Forging
32:23 Scale Mail Armor
32:04 Long Swordsman
32:44 Gold Mining
33:34 Murder Holes
33:49 Masonry
35:20 Iron Casting
35:00 Chain Mail Armor
34:54 Perfusion
36:15 Chemistry
35:41 Conscription
36:00 Anarchy
36:42 Crop Rotation
36:28 Caravan
37:52 Halberdier
40:51 Blast Furnace
42:01 Ballistics
42:12 Architecture
42:26 Onager
alecsmonti
0:42 Loom
12:35 Feudal Age
13:05 Double-Bit Axe
15:54 Wheelbarrow
15:43 Stone Mining
15:40 Horse Collar
17:41 Town Watch
21:14 Gold Mining
21:56 Town Watch
22:05 Fletching
26:41 Castle Age
25:20 Padded Archer Armor
36:19 Town Patrol
37:27 Bodkin Arrow
38:45 Heavy Plow
42:09 Imperial Age
40:15 Thumb Ring
40:38 Leather Archer Armor
41:13 Hand Cart
41:05 Caravan
42:17 Elite Plumed Archer
43:19 Conscription
43:38 Bracer
44:09 Ring Archer Armor
45:41 Chemistry
45:14 Ballistics
45:06 Fortified Wall
51:02 Guilds
vainamoinen_
14:00 Feudal Age
18:23 Castle Age
18:57 Double-Bit Axe
22:03 Padded Archer Armor
23:44 Thumb Ring
23:00 Elite Skirmisher
23:59 Fishing Lines
24:49 Leather Archer Armor
29:26 Fletching
29:54 Masonry
29:41 Gillnets
30:48 Bow Saw
31:23 Bodkin Arrow
33:12 Squires
32:33 Pikeman
36:56 Imperial Age
35:07 Scale Mail Armor
35:18 Forging
38:15 Iron Casting
37:56 Chain Mail Armor
38:09 Ballistics
38:04 Halberdier
38:08 Imperial Skirmisher
40:21 Chemistry
39:07 Arrowslits
39:09 Treadmill Crane
39:39 Caravan
42:42 Ring Archer Armor
42:13 Bracer
lokigr13
0:28 Loom
14:30 Feudal Age
19:25 Castle Age
18:36 Fletching
34:58 Fishing Lines
38:37 Horse Collar
43:14 Imperial Age
41:30 Wheelbarrow
42:12 Caravan
42:51 Husbandry
43:02 Bloodlines
43:57 Scale Barding Armor
44:03 Forging
43:19 Cavalier
45:25 Chain Barding Armor
Ramses der Barmherzige 222
2:47 Loom
11:48 Feudal Age
15:35 Fishing Lines
18:12 Castle Age
16:57 Double-Bit Axe
16:54 Horse Collar
17:39 Gold Mining
19:27 Gillnets
19:55 Bow Saw
21:19 Wheelbarrow
21:22 Fervor
22:51 Heavy Plow
24:34 Hand Cart
25:40 Stone Mining
30:54 Stone Shaft Mining
33:46 Imperial Age
31:05 Town Watch
31:50 Ballistics
31:08 Pikeman
32:02 Forging
31:52 Scale Mail Armor
31:43 Fletching
31:54 Padded Archer Armor
31:38 Treadmill Crane
32:09 Fortified Wall
32:16 Masonry
32:49 Town Patrol
33:43 Murder Holes
34:06 Chain Mail Armor
33:47 Bodkin Arrow
34:51 Leather Archer Armor
35:01 Conscription
35:46 Iron Casting
36:15 Chemistry
35:47 Architecture
35:53 Crop Rotation
36:25 Two-Man Saw
36:27 Arquebus
37:16 Guilds
38:06 Elite Skirmisher
39:25 Ring Archer Armor
39:34 Bracer
41:01 Bombard Tower
41:31 Elite Organ Gun
42:16 Halberdier
44:20 Siege Engineers
45:17 Blast Furnace
48:51 Plate Mail Armor
48:26 Scale Barding Armor
48:08 Gambesons
48:30 Thumb Ring
48:21 Heated Shot
48:35 Atonement
48:56 Sanctity
48:06 Capped Ram
51:01 Circumnavigation
51:24 Chain Barding Armor
50:38 Sappers
50:33 Onager
51:19 Devotion
51:35 Block Printing
51:16 Herbal Medicine
51:56 Theocracy
51:42 Heresy
51:17 Guard Tower
51:32 Siphons
50:55 Elite Caravel
51:46 Medium Warships
51:19 Crossbowman
56:04 Light Cavalry
56:06 Cavalier
56:58 Bloodlines
57:25 Heavy Warships
56:31 Elite Cannon Galleon
57:54 Keep
57:29 Clinker Construction
57:30 Careening
58:41 Plate Barding Armor
58:09 Husbandry
59:18 Arbalester
59:22 Man-at-Arms
59:48 Arson
可可
2:10 Loom
15:46 Feudal Age
16:37 Double-Bit Axe
20:57 Gold Mining
23:27 Castle Age
22:09 Fishing Lines
24:39 Bow Saw
28:37 Treadmill Crane
31:36 Imperial Age
29:46 Wheelbarrow
32:28 Hand Cart
32:02 Town Watch
34:00 Chemistry
33:21 Ballistics
33:12 Masonry
34:09 Gold Shaft Mining
36:21 Caravan
36:13 Heavy Scorpion
37:26 Conscription
38:24 Town Patrol
38:23 Fletching
38:50 Siege Engineers
38:56 Masonry
38:41 Murder Holes
38:57 Fortified Wall
41:14 Architecture
40:41 Bodkin Arrow
41:00 Forging
44:39 Iron Casting
44:13 Scale Barding Armor
44:44 Iron Casting
49:11 Cavalier
49:51 Husbandry
50:01 Chivalry
49:21 Ordonnance Companies
50:23 Conscription
54:03 Paladin
TILONXO
2:00 Loom
11:58 Feudal Age
19:25 Castle Age
17:47 Double-Bit Axe
32:17 Gold Mining
33:11 Fishing Lines
35:38 Wheelbarrow
38:59 Imperial Age
37:01 Stone Mining
38:10 Hand Cart
37:41 Town Watch
37:54 Gillnets
40:43 Conscription
42:20 Artillery
41:43 Elite Janissary
42:32 Padded Archer Armor
47:25 Bombard Tower
47:26 Ballistics
47:03 Murder Holes
49:02 Artillery
52:22 Fletching
52:44 Forging
52:49 Leather Archer Armor
52:35 Scale Mail Armor
52:41 Scale Barding Armor
57:14 Iron Casting
56:34 Bodkin Arrow
57:10 Ring Archer Armor
56:55 Chain Mail Armor
57:00 Chain Barding Armor
57:06 Sipahi
57:22 Hoardings
56:18 Sappers
57:24 Gold Shaft Mining
56:52 Town Patrol
56:55 Caravan
57:25 Coinage
57:05 Guilds
58:16 Fervor
58:26 Sanctity
Panda de jeová
4:33 Loom
11:50 Feudal Age
15:56 Castle Age
14:00 Double-Bit Axe
14:02 Horse Collar
18:09 Bow Saw
18:55 Wheelbarrow
22:09 Hand Cart
25:45 Imperial Age
28:04 Gold Mining
28:05 Stone Mining
29:27 Scale Barding Armor
29:33 Forging
29:34 Husbandry
29:45 Bloodlines
28:58 Cavalier
29:57 Arson
30:38 Chain Barding Armor
30:52 Town Watch
33:00 Two-Man Saw
32:27 Heavy Plow
37:57 Plate Barding Armor
38:17 Town Patrol
39:37 Chemistry
38:30 Heated Shot
38:50 Masonry
39:10 Caravan
39:25 Guilds
39:49 Elite War Elephant
41:31 Iron Casting
54:38 Crop Rotation
Connection lost

Rejoining the realm…

Still unreachable

The connection could not be restored.

Session expired

The server has moved on; the page needs a fresh start.